 Dungeon Crawl Stone Soup version 0.21-a0-516-gaaff437 (webtiles) character file.

137 Gerstahl the Charlatan (level 5, -8/40 HPs)
             Began as a Demonspawn Artificer on Dec 3, 2017.
             Mangled by an orc wizard
             ... wielding a +0 dagger of electrocution
              (15 damage)
             ... on level 3 of the Dungeon.
             The game lasted 00:06:58 (3178 turns).

Gerstahl the Charlatan (Demonspawn Artificer)       Turns: 3178, Time: 00:06:58

Health: -8/40      AC:  5    Str: 12    XL:     5   Next: 0%
Magic:  8/8        EV: 12    Int: 12    God:
Gold:   160        SH:  0    Dex: 15    Spells: 4/4 levels left

rFire    . . .     SeeInvis .   a - +0 short sword
rCold    . . .     Gourm    .   (no shield)
rNeg     . . .     Faith    .   b - +0 leather armour
rPois    .         Spirit   .   (no helmet)
rElec    .         Reflect  .   (no cloak)
rCorr    .         Harm     .   (no gloves)
MR       .....                  (no boots)
Stlth    +.........             (no amulet)
HPRegen  0.13/turn              (no ring)
MPRegen  0.11/turn              (no ring)

@: no status effects
A: yellow scales 1
a: no special abilities


You were on level 3 of the Dungeon.
You were not hungry.

You visited 1 branch of the dungeon, and saw 3 of its levels.

You collected 160 gold pieces.

Inventory:

Hand Weapons
 a - a +0 short sword (weapon)
Armour
 b - a +0 leather armour (worn)
Jewellery
 g - a cursed -2 ring of protection {unknown}
Wands
 d - a wand of enslavement (14)
 e - a wand of random effects (13)
Scrolls
 c - 2 scrolls of fog {unknown}
 h - 5 scrolls of blinking {unknown}
 j - 2 scrolls of enchant armour {unknown}
 k - 3 scrolls of identify {unknown}
 l - 2 scrolls of random uselessness {unknown}
 m - 3 scrolls of teleportation {unknown}
 n - a scroll of enchant weapon {unknown}
 r - a scroll of remove curse {unknown}
Potions
 i - 2 potions of invisibility {unknown}
 o - a potion of curing {unknown}
 p - a potion of lignification {unknown}
Comestibles
 f - 3 bread rations
 q - 2 meat rations


   Skills:
 + Level 2.8 Fighting
 + Level 2.5 Short Blades
 - Level 1.7 Dodging
 - Level 0.8 Stealth
 + Level 4.1 Evocations


You had 4 spell levels left.
You didn't know any spells.

Dungeon Overview and Level Annotations

Branches:
Dungeon (3/15)

Altars:
Trog


Innate Abilities, Weirdness & Mutations

You are partially covered in yellow scales. (AC +2)


Message History

You barely miss the orc wizard.
The orc wizard is heavily wounded.
The orc wizard hits you but does no damage.
You hit the orc wizard.
The orc wizard is severely wounded.
The orc wizard hits you with a dagger of electrocution.
You closely miss the orc wizard.
The orc wizard is severely wounded.
The orc wizard hits you with a dagger of electrocution.
You hit the orc wizard.
The orc wizard is almost dead.
The orc wizard hits you with a dagger of electrocution.
You are electrocuted!
* * * LOW HITPOINT WARNING * * *
You hit the orc wizard.
The orc wizard is almost dead.
The orc wizard hits you with a dagger of electrocution.
* * * LOW HITPOINT WARNING * * *
You are electrocuted!
You die...

#.# ##.# ## #.# #.# ..# #.#
#.# #.# #.# ##'# # #.# #.#
##>.. ##o### #.# ###.#
##.... #. ... #.#
###.#.####....(
..##.##o####.......#...... .
.......oo@.........'......
#...##.##o####.....#.#......
#....ยง...# #.#...#.##.....
##....#### #.#.###.###....
##.## #.......# ##... #
###.##### ##+# #.......# #.#
#.#.###.#####.# #.#.#
#.##.....


You could see an orc wizard and 3 orcs.

Vanquished Creatures
  Natasha (D:1)
  An orc wizard (D:3)
  4 gnolls
  2 adders (D:2)
  A leopard gecko (D:1)
  4 orcs (D:3)
  2 ball pythons (D:1)
  5 bats
  5 giant cockroaches
  6 goblins
  A hobgoblin (D:1)
  9 kobolds
  5 frilled lizards
  2 rats
48 creatures vanquished.

Notes
Turn   | Place    | Note
-------+----------+-------------------------------------------
     0 | D:1      | Gerstahl the Demonspawn Artificer began the quest for the Orb.
     0 | D:1      | Reached XP level 1. HP: 15/15 MP: 3/3
    18 | D:1      | Reached skill level 1 in Short Blades
   185 | D:1      | Gained mutation: You are partially covered in yellow scales. (AC +2) [demonic ancestry]
   185 | D:1      | Reached XP level 2. HP: 15/21 MP: 4/4
   893 | D:2      | Reached XP level 3. HP: 3/27 MP: 5/5
  1345 | D:1      | HP: 1/27 [gnoll/whip (5)]
  1648 | D:2      | Reached XP level 4. HP: 22/34 MP: 6/6
  1851 | D:2      | Noticed Natasha
  1903 | D:1      | Killed Natasha
  2495 | D:3      | Reached skill level 4 in Evocations
  2877 | D:3      | Found a bloodstained altar of Trog.
  3164 | D:3      | Reached XP level 5. HP: 33/40 MP: 8/8
  3178 | D:3      | Mangled by an orc wizard

Vault maps used:
D:1:      tarquinn_simple_flora_water_f
D:2:      first_bread, grunt_ministairs_3, minmay_unequal, uniq_natasha
D:3:      minmay_misc_feat_nine_boxes, trog_book

Skill      XL: |  1  2  3  4 |
---------------+-------------+-----
Short Blades   | 1 2 |  2.5
Fighting       | 2 |  2.8
Evocations     | 4 |  4.1
Dodging        | |  1.7
Stealth        | |  0.8

Action                   |  1- 3 |  4- 6 || total
-------------------------+-------+-------++-------
Melee: Short sword       |    73 |   126 ||   199
Evoke: Wand              |    13 |     5 ||    18
 Stab: Sleeping          |     2 |     2 ||     4
  Eat: Royal jelly       |     1 |       ||     1
       Chunk             |       |     2 ||     2
       Meat ration       |       |     1 ||     1
Armor: Leather armour    |    20 |    29 ||    49
Dodge: Dodged            |    40 |    84 ||   124

Table legend:
 A = Spawn XP
 B = Non-spawn XP
 C = Spawn XP percentage of total XP
 D = Spawn monster count
 E = Non-spawn monster count
 F = Spawn count percentage of total count
 G = Total turns spent on level
                    A         B        C        D         E        F      G
               +---------+---------+-------+---------+---------+-------+---------
         Total |       0 |     196 |   0.0 |       0 |      48 |   0.0 |  3178
               +---------+---------+-------+---------+---------+-------+---------
           D:1 |       0 |      61 |   0.0 |       0 |      18 |   0.0 |  1830
           D:2 |       0 |      76 |   0.0 |       0 |      19 |   0.0 |   612
           D:3 |       0 |      59 |   0.0 |       0 |      11 |   0.0 |   736
               +---------+---------+-------+---------+---------+-------+---------
